 Dungeon Crawl Stone Soup version 0.21-a0-621-gc60411f (webtiles) character file.

368 Lanoc the Ducker (level 6, -1/47 HPs)
             Began as a Vampire Warper on Dec 23, 2017.
             Slain by a phantom (4 damage)
             ... on level 4 of the Dungeon.
             The game lasted 00:11:25 (3044 turns).

Lanoc the Ducker (Vampire Warper)                   Turns: 3044, Time: 00:11:25

Health: -1/47      AC: 11    Str: 10    XL:     6   Next: 41%
Magic:  9/9        EV:  2    Int: 16    God:
Gold:   109        SH:  0    Dex: 15    Spells: 8/10 levels left

rFire    . . .     SeeInvis +   b - +0 long sword
rCold    . . .     Gourm    .   (no shield)
rNeg     . . .     Faith    .   l - +0 plate armour
rPois    .         Spirit   .   (no helmet)
rElec    .         Reflect  .   (no cloak)
rCorr    .         Harm     .   (no gloves)
MR       .....                  (no boots)
Stlth    ..........             q - amulet of rage
HPRegen  0.35/turn              (no ring)
MPRegen  0.11/turn              (no ring)

@: regenerating quickly
A: fangs 3, see invisible, unbreathing
a: Evoke Berserk Rage


You were on level 4 of the Dungeon.
You were almost alive.

You visited 1 branch of the dungeon, and saw 4 of its levels.

You collected 109 gold pieces.

Inventory:

Hand Weapons
 b - a +0 long sword (weapon)
Missiles
 e - 5 tomahawks of dispersal
 p - 9 tomahawks (quivered)
Armour
 l - a +0 plate armour (worn)
Jewellery
 q - an amulet of rage (around neck)
Scrolls
 d - a scroll of blinking
 g - a scroll of teleportation
Potions
 f - 11 potions of blood
 h - 2 potions of agility {unknown}
 i - a potion of brilliance {unknown}
 j - a potion of might {unknown}
 k - a potion of heal wounds {unknown}
 m - a potion of flight {unknown}
 o - a potion of degeneration {unknown}
Books
 c - a book of Spatial Translocations

   Spells                             Type                      Level
   a - Blink                          Translocation                2
   b - Shroud of Golubria             Charms/Translocation         2
   c - Lesser Beckoning               Translocation                3
   d - Gell's Gravitas                Translocation                3
   e - Teleport Other                 Translocation                3
   f - Passage of Golubria            Translocation                4


   Skills:
 + Level 3.3 Fighting
 + Level 3.6 Long Blades
 - Level 0.7 Throwing
 + Level 2.5 Armour
 + Level 4.1 Dodging
 - Level 2.5 Spellcasting
 - Level 2.4 Translocations


You had 8 spell levels left.
You knew the following spells:

 Your Spells              Type           Power        Failure   Level  Hunger
a - Blink                 Tloc           N/A          100%        2    ##.....


Dungeon Overview and Level Annotations

Branches:
Dungeon (4/15)
 Temple: D:4-7

Altars:
Hepliaklqana
Nemelex Xobeh
Ru
Sif Muna
The Shining One


Innate Abilities, Weirdness & Mutations

Your natural rate of healing is unusually fast.
You have razor-sharp teeth.
You have supernaturally acute eyesight. (SInv)
You can survive without breathing.


Message History

The ogre is lightly wounded.
The ogre barely misses you.
You hit the ogre.
The ogre is lightly wounded.
The ogre hits you but does no damage.
You hit the ogre.
The ogre is heavily wounded.
The ogre hits you with a giant spiked club!
You barely miss the ogre. You bite the ogre.
The ogre is heavily wounded.
The ogre hits you with a giant spiked club!
You closely miss the ogre.
The ogre is heavily wounded.
The phantom hits you but does no damage.
You hit the ogre.
The ogre is heavily wounded.
The ogre hits you with a giant spiked club!!
* * * LOW HITPOINT WARNING * * *
The phantom hits you.
You die...

#.....##.###
######.....##
##.......##
#.........#
##...>.....#
###..........#
........$.....#
..............#
....##.....@...#
.#.. #....WO...#
## #.........#
#.....<.....#
##..........#
#.........##
..........##
.........<#


You could see a phantom and an ogre.

Vanquished Creatures
  The ghost of Vajrapani the Magician, an amateur DEWn (D:3)
  A howler monkey (D:3)
  A bullfrog skeleton (D:4)
  An orc wizard (D:3)
  An orc priest (D:4)
  A worker ant (D:3)
  3 adders
  An ooze (D:2)
  4 worms
  5 dart slugs
  3 leopard geckos
  5 orcs
  6 giant cockroaches
  7 goblins
  3 hobgoblins
  11 jackals
  8 kobolds
  2 quokkas
  A ball python (D:2)
  12 bats
  3 frilled lizards
  8 rats
88 creatures vanquished.

Notes
Turn   | Place    | Note
-------+----------+-------------------------------------------
     0 | D:1      | Lanoc the Vampire Warper began the quest for the Orb.
     0 | D:1      | Reached XP level 1. HP: 16/16 MP: 3/3
   558 | D:1      | Reached skill level 1 in Armour
   579 | D:1      | Reached XP level 2. HP: 22/22 MP: 5/5
  1193 | D:2      | Reached XP level 3. HP: 19/27 MP: 6/6
  1238 | D:2      | Found a hazy altar of Hepliaklqana.
  1418 | D:2      | Learned a level 2 spell: Blink
  1462 | D:2      | Reached XP level 4. HP: 33/34 MP: 7/7
  1708 | D:2      | Found a glowing golden altar of the Shining One.
  1743 | D:3      | Reached skill level 3 in Dodging
  1925 | D:3      | Found a sparkling altar of Nemelex Xobeh.
  2007 | D:3      | Noticed Vajrapani's ghost (amateur DEWn)
  2032 | D:3      | Killed Vajrapani's ghost
  2032 | D:3      | Reached XP level 5. HP: 7/40 MP: 8/8
  2569 | D:3      | Found a deep blue altar of Sif Muna.
  2868 | D:3      | Reached XP level 6. HP: 42/47 MP: 9/9
  2967 | D:4      | Reached skill level 4 in Dodging
  2987 | D:4      | Found a sacrificial altar of Ru.
  3044 | D:4      | Slain by a phantom

Vault maps used:
D:1:      elethiomel_arrival_maze, minmay_misc_feat_tower
D:2:      lemuel_crystal_altar, tso_oasis_becter, first_ration
D:3:      lemuel_round_altar, nemelex_xobeh_ov_fountains_minmay
D:4:      nicolae_ru_sacrificial_ziggurat, minmay_temple_entry_overgrown

Skill      XL: |  1  2  3  4  5  6 |
---------------+-------------------+-----
Armour         | 1 2 |  2.5
Fighting       | 2 3 |  3.3
Dodging        | 3 4 |  4.1
Long Blades    | 3 |  3.6
Throwing       | |  0.7
Spellcasting   | |  2.5
Translocations | |  2.4

Action                   |  1- 3 |  4- 6 || total
-------------------------+-------+-------++-------
Melee: Falchion          |   173 |   169 ||   342
       Bite              |    21 |    22 ||    43
       Long sword        |       |    92 ||    92
  Use: Potion            |    11 |     9 ||    20
       Scroll            |     1 |     5 ||     6
Armor: Chain mail        |    84 |       ||    84
       Leather armour    |     2 |       ||     2
       Plate armour      |    44 |   306 ||   350
Dodge: Dodged            |    59 |    29 ||    88
       Rpst.: Falchion   |    22 |     2 ||    24
       Long sword        |       |     3 ||     3

Table legend:
 A = Spawn XP
 B = Non-spawn XP
 C = Spawn XP percentage of total XP
 D = Spawn monster count
 E = Non-spawn monster count
 F = Spawn count percentage of total count
 G = Total turns spent on level
                    A         B        C        D         E        F      G
               +---------+---------+-------+---------+---------+-------+---------
         Total |       0 |     526 |   0.0 |       0 |      88 |   0.0 |  3044
               +---------+---------+-------+---------+---------+-------+---------
           D:1 |       0 |      32 |   0.0 |       0 |      16 |   0.0 |  1113
           D:2 |       0 |      75 |   0.0 |       0 |      26 |   0.0 |   612
           D:3 |       0 |     330 |   0.0 |       0 |      43 |   0.0 |  1211
           D:4 |       0 |      89 |   0.0 |       0 |       3 |   0.0 |   108
               +---------+---------+-------+---------+---------+-------+---------
